Cogmind - Beta 15 @@@ ROGUE MODE // 2025.05.06 @ 17:00:39 Player: Minty Result: Destroyed by D-53 Grenadier with Mini Grenade Launcher Performance ------------- Evolutions (0) 0 Regions Visited (2) 400 Robots Destroyed (12) 60 Value Destroyed (215) 215 Prototype IDs (2) 40 Alien Tech Used (0) 0 Bonus (0) 0 TOTAL SCORE: 715 Bonus ------- None Cogmind --------- Core Integrity 0/250 Matter 189/300 Energy 99/100 System Corruption 2% Temperature Cool (0) Movement Rolling (115) Ox1 Location -10/Mines Parts ------- > --- POWER (1) -------- (None) > --- PROPULSION (2) --- Compact Wheel > --- UTILITY (2) ------ Large Storage Unit Targeting Computer > --- WEAPON (2) ------- (None) > --- INVENTORY (15) --- Ion Engine Light Treads Light Treads Aluminum Leg Small Storage Unit Large Storage Unit Terrain Scan Processor Grenade Launcher Grenade Launcher Grenade Launcher Grenade Launcher Grenade Launcher Grenade Launcher Peak State ------------ > --- POWER ------------ Light Ion Engine > --- PROPULSION ------- Aluminum Leg Aluminum Leg > --- UTILITY ---------- Large Storage Unit Targeting Computer > --- WEAPON ----------- Grenade Launcher Enhanced Flamer > --- INVENTORY -------- Ion Engine Light Treads Light Treads Compact Wheel Compact Wheel Small Storage Unit Large Storage Unit Terrain Scan Processor Grenade Launcher Grenade Launcher Grenade Launcher Grenade Launcher Grenade Launcher [Rating: 10] Favorites ----------- Power Light Ion Engine Engine Light Ion Engine Propulsion Aluminum Leg Leg Aluminum Leg Wheel Compact Wheel Utility Targeting Computer Storage Small Storage Unit Processor Targeting Computer Weapon Grenade Launcher Energy Gun Small Laser Launcher Grenade Launcher Special Weapon Enhanced Flamer Build | -11 -10 -10 ------- Run | Yrd Mat Min Slots Evolved . | . . . Power . | . . . Propulsion . | . . . Utility . | . . . Weapon . | . . . Parts Attached 9 | . 6 3 Power . | . . . Engine . | . . . Core . | . . . Reactor . | . . . Propulsion 2 | . . 2 Treads . | . . . Leg . | . . . Wheel 2 | . . 2 Hover . | . . . Flight . | . . . Utility 2 | . 2 . Device . | . . . Storage 1 | . 1 . Processor 1 | . 1 . Hackware . | . . . Protection . | . . . Artifact . | . . . Weapon 5 | . 4 1 Energy Gun 1 | . 1 . Energy Cannon . | . . . Ballistic Gun . | . . . Ballistic Cannon . | . . . Launcher 3 | . 3 . Special Weapon 1 | . . 1 Impact Weapon . | . . . Slashing Weapon . | . . . Piercing Weapon . | . . . Special Melee Weapon . | . . . Unidentified Prototypes . | . . . Parts Lost 4 | . . 4 Power 1 | . . 1 Propulsion 2 | . . 2 Utility . | . . . Weapon 1 | . . 1 Highest Loss Streak 4 | . . 4 To Critical Strikes . | . . . Average Backups 9 | . 8 12 Power 1 | . 1 1 Propulsion 3 | . 4 3 Utility 1 | . 1 3 Weapon 2 | . 2 4 Tool/Special . | . . . Unused Backups 17 | . 6 11 Power 3 | . 1 2 Propulsion 5 | . 2 3 Utility 4 | . 1 3 Weapon 5 | . 2 3 Tool/Special . | . . . Average Slot Usage (%) 94 | . 93 95 Engine 13 | . 14 13 Leg 27 | . 28 26 Storage 14 | . 14 14 Processor 10 | . 10 14 Energy Gun 12 | . 15 . Launcher 13 | . 10 24 Peak Build Rating 10 | . 8 10 Average Rating 6 | . 6 7 On Entrance 6 | 6 6 8 Naked Turns . | . . . Heaviest Build 29 | 10 29 29 Greatest Support 32 | 20 20 32 Greatest Overweight (x) 1 | . 1 1 Average Overweight (x) . | . . . Largest Inventory Capacity 15 | . 15 15 Average Capacity 10 | . 9 15 Most Carried 14 | . 12 14 Average Carried 9 | . 8 12 Final Capacity 15 | 8 15 15 Final Carried 13 | 6 12 13 Class Distribution -------------------- 100% | Mutant Dominant Class ---------------- Mutant | -10/Materials Mutant | -10/Mines Resources | -11 -10 -10 ----------- Run | Yrd Mat Min Matter Collected 234 | 200 34 . Remotely . | . . . Salvage Created 244 | . 244 . Parts 19 | . 19 . Haulers Intercepted 1 | . 1 . Recyclers Shooed . | . . . Parts Field Recycled . | . . . Retrieved Matter . | . . . Parts Self-Destructed . | . . . Prevented . | . . . Kills | -11 -10 -10 ------- Run | Yrd Mat Min Combat Hostiles Destroyed 7 | . 7 . Guns 3 | . 3 . AOE 4 | . 4 . Classes Destroyed 6 | . 6 . Worker 1 | . 1 . Builder 2 | . 2 . Hauler 1 | . 1 . Watcher 1 | . 1 . Swarmer 3 | . 3 . Grunt 4 | . 4 . Best Kill Streak 3 | . 3 . Combat Bots Only 3 | . 3 . Max Kills in Single Turn 2 | . 2 . Gunslinging . | . . . Exploded 2 | . 2 . Melee . | . . . Uniques/NPCs Destroyed . | . . . Combat | -11 -10 -10 -------- Run | Yrd Mat Min Hostile Shots Fired 47 | . 35 12 Missed 13 | . 13 . Hits 34 | . 22 12 Projectile 34 | . 22 12 AOE 12 | . . 12 Damage Taken 708 | . 221 487 Core 270 | . 36 234 Absorbed by Shields . | . . . Core Remaining (%) 100 | 100 . . Volleys Fired 24 | . 21 3 Largest 2 | . 2 1 Hottest 80 | . 80 80 Shots Fired 43 | . 40 3 Gun 33 | . 33 . Cannon . | . . . Launcher 7 | . 7 . Special 3 | . . 3 Kinetic . | . . . Thermal 36 | . 33 3 Explosive 7 | . 7 . Electromagnetic . | . . . Robot Hit Streak 9 | . 9 4 Robot Miss Streak 2 | . 2 . Penetration Max . | . . . Secondary Targets 1 | . 1 . Max Gunslinging Chain 1 | . 1 . Shots Hit Robots 29 | . 26 3 Core Hits 21 | . 20 1 Critical Kills . | . . . Critical Parts Destroyed . | . . . Critical Strikes 1 | . . 1 Burn 1 | . . 1 Melee Attacks . | . . . Impact . | . . . Slashing . | . . . Piercing . | . . . Sneak Attacks . | . . . Combat Hostiles . | . . . Follow-up Attacks . | . . . Damage Inflicted 742 | . 710 32 Guns 239 | . 239 . Cannons . | . . . Explosions 450 | . 450 . Melee . | . . . Ramming 21 | . 21 . Kinetic . | . . . Thermal 271 | . 239 32 Explosive 450 | . 450 . Electromagnetic . | . . . Impact . | . . . Slashing . | . . . Piercing . | . . . Highest Corruption 2 | . 2 2 Average Corruption 2 | . 2 2 Corruption Purged . | . . . Corruption Blocked . | . . . Effects 5 | . 4 1 Matter Fused 2 | . 1 1 Heat Flow Errors 3 | . 3 . Overload Shots . | . . . Overflow Damage . | . . . Projectiles . | . . . Explosions . | . . . Melee . | . . . Knockbacks 1 | . 1 . Impact 1 | . 1 . Kinetic . | . . . Secondary . | . . . Self-Inflicted Damage . | . . . Shots . | . . . Rammed . | . . . Targets Rammed 3 | . 3 . Kicked 3 | . 3 . Crushed . | . . . Highest Temperature 239 | . 239 100 Average Temperature 72 | . 74 57 Received Heat Transfer 90 | . 90 . Siege Activations . | . . . Martial Activations . | . . . Shielding Activations . | . . . Robots Disrupted . | . . . Combat Hostiles . | . . . Robots Corrupted . | . . . Combat Hostiles . | . . . Parts Fried . | . . . Impact Corruptions . | . . . Robots Melted . | . . . Combat Hostiles . | . . . Parts Melted 1 | . 1 . Heat Transferred 950 | . 550 400 Parts Sabotaged . | . . . Parts Stolen . | . . . Parts Stripped . | . . . Power Chain Reactions . | . . . Alert | -11 -10 -10 ------- Run | Yrd Mat Min Maximum Alert Level . | . . . Low Security (%) 100 | . 100 100 Level 1 . | . . . Level 2 . | . . . Level 3 . | . . . Level 4 . | . . . Level 5 . | . . . High Security . | . . . Max Security . | . . . Peak Influence 146 | . 146 35 Initial 35 | . . 35 Average 44 | . 53 11 Influence Increases 268 | . 268 . Destroy 0b10 Robot/C 140 | . 140 . Destroy 0b10 Robot/NC 25 | . 25 . Destroy Leader 24 | . 24 . Successful Hack 30 | . 30 . Disable Machine 30 | . 30 . Destroy Structure 19 | . 19 . Influence Decreases 268 | . 176 92 Entered New Map 57 | . . 57 Time Decay 211 | . 176 35 Squads Dispatched 1 | . 1 . Investigation . | . . . Extermination . | . . . Reinforcement 1 | . 1 . Assault . | . . . Garrison . | . . . Intercept . | . . . Searches Triggered . | . . . Construction Impeded . | . . . Haulers Reinforced . | . . . Active Scanning Responses . | . . . Cargo Convoy Interrupts . | . . . Stealth | -11 -10 -10 --------- Run | Yrd Mat Min Distress Signals . | . . . Communications Jammed . | . . . Distress Signals . | . . . Times Spotted 12 | . 10 2 Peak Tracking Total 4 | . 4 2 Tactical Retreats . | . . . Traps | -11 -10 -10 ------- Run | Yrd Mat Min Traps Triggered 1 | . 1 . Indirectly . | . . . Trap Hack Attempts . | . . . Triggered . | . . . Disarmed . | . . . Reprogrammed . | . . . Reused . | . . . Traps Extracted . | . . . Installed . | . . . Triggered . | . . . Machines | -11 -10 -10 ---------- Run | Yrd Mat Min Machines Disabled 2 | . 2 . Max in Single Turn 1 | . 1 . Machines Repaired . | . . . Machines Dismantled . | . . . Machines Sabotaged . | . . . Overloaded Fab Kills . | . . . Hacking | -11 -10 -10 --------- Run | Yrd Mat Min Machines Accessed 4 | . 4 . Terminals 3 | . 3 . Fabricators . | . . . Repair Stations . | . . . Recycling Units 1 | . 1 . Scanalyzers . | . . . Garrison Access . | . . . Total Hacks 18 | . 18 . Successful 12 | . 12 . Failed 6 | . 6 . Catastrophic 1 | . 1 . Database Lockouts . | . . . Manual 6 | . 6 . Terminals 16 | . 16 . Fabricators . | . . . Repair Stations . | . . . Recycling Units 2 | . 2 . Scanalyzers . | . . . Garrison Access . | . . . Terminal Hacks 10 | . 10 . Robot Analysis 2 | . 2 . Prototype ID Bank 1 | . 1 . Branch Access Points 1 | . 1 . Alert Level 1 | . 1 . Locate Traps 1 | . 1 . Dispatch Records 1 | . 1 . Surveillance Status 1 | . 1 . Patrol Status 1 | . 1 . Hauler Manifests 1 | . 1 . Fabricator Hacks . | . . . Repair Station Hacks . | . . . Recycling Unit Hacks 2 | . 2 . Report Inventory 1 | . 1 . Retrieve Components 1 | . 1 . Scanalyzer . | . . . Garrison Access Hacks . | . . . Unauthorized Hacks . | . . . Terminals . | . . . Fabricators . | . . . Repair Stations . | . . . Recycling Units . | . . . Scanalyzers . | . . . Garrison Access . | . . . Data Cores Recovered . | . . . Used . | . . . Hacking Detections 3 | . 3 . Full Trace Events . | . . . Feedback Events . | . . . Feedback Blocked . | . . . Robot Schematics Acquired . | . . . Robots Built . | . . . Authchips . | . . . Time . | . . . Total Robot Build Rating . | . . . Part Schematics Acquired . | . . . Parts Built . | . . . Authchips . | . . . Time . | . . . Total Part Build Rating . | . . . Parts Repaired . | . . . Time . | . . . Parts Recycled . | . . . Recycled Matter . | . . . Retrieved Matter . | . . . Retrieved Components 3 | . 3 . Parts Scanalyzed . | . . . Part Schematics Acquired . | . . . Parts Damaged . | . . . Bothacking | -11 -10 -10 ------------ Run | Yrd Mat Min Used RIF Installer . | . . . Robots Hacked . | . . . Non-combat . | . . . Combat . | . . . Robot Hacks Applied . | . . . Relay Couplers Released . | . . . Fabnet Peak Effective % . | . . . Robots Rewired . | . . . Allies Hacked . | . . . Hacks Repelled . | . . . Allies | -11 -10 -10 -------- Run | Yrd Mat Min Total Allies . | . . . Largest Group . | . . . Highest-Rated Group . | . . . Highest-Rated Ally . | . . . Total Orders . | . . . Ally Attacks . | . . . Total Damage . | . . . Kills . | . . . Allies Corrupted . | . . . Allies Melted . | . . . Intel | -11 -10 -10 ------- Run | Yrd Mat Min Active Infowar (turns) . | . . . Robot Analysis Total 2 | . 2 . Derelict Logs Recovered . | . . . Drone Launches . | . . . Drone Recoveries . | . . . Exploration | -11 -10 -10 ------------- Run | Yrd Mat Min Turns Passed 615 | . 480 135 Spaces Moved 372 | 1 304 67 Core . | . . . Treads . | . . . Legs 364 | 1 304 59 Wheels 8 | . . 8 Hover . | . . . Flight . | . . . Fastest Speed 100 | 120 120 100 Average Speed 138 | 120 129 179 Slowest Speed 190 | 120 190 190 Overloaded Moves . | . . . Propulsion Burnouts . | . . . Robots Hopped . | . . . Potential Cave-ins . | . . . Cave-ins Triggered . | . . . Exploration Rate (%) 29 | 2 56 31 Regions Visited 2 Branch Regions 1 Pre-discovered Areas . | . . . Known Exits Taken 1 | . 1 . Unknown Exits Taken 1 | 1 . . Scrap Searched . | . . . Spaces Dug . | . . . Terrain Destroyed 29 | . 29 . Melee . | . . . Projectile . | . . . AOE 29 | . 29 . Terrain Rammed . | . . . Walls Destroyed . | . . . Machines Disabled . | . . . Actions | -11 -10 -10 --------- Run | Yrd Mat Min Total 425 | . 349 76 Wait 4 | . 3 1 Move 370 | . 303 67 Hop . | . . . Pick Up 9 | . 8 1 Fast Attach 3 | . 3 . Attach 1 | . . 1 Detach 1 | . . 1 Swap 5 | . 3 2 Drop 5 | . 5 . Fire 24 | . 21 3 Melee . | . . . Ram . | . . . Kick 3 | . 3 . Crush . | . . . Escape Stasis . | . . . Rewire . | . . . Trap . | . . . Miscellaneous . | . . . Route ------- -11/Scrapyard -10/Materials (discovered 4 exits: [*Mat x2] / *Min x2) -10/Mines (discovered 1 exit: [*Mat]) History --------- Turn | Location | Event 1 | -11/Scrapyard | Discovered new exit (range 0) 1 | -11/Scrapyard | Entered Materials 84 | -10/Materials | Identified exit to Mines 94 | -10/Materials | Discovered new exit (range 16) 333 | -10/Materials | Build established: Mutant 341 | -10/Materials | Discovered new exit (range 8) 481 | -10/Materials | Entered Mines 514 | -10/Mines | A weapon hastily lodged in a ceiling crevice suddenly fell to the ground 583 | -10/Mines | Assembled infested the area 605 | -10/Mines | Core integrity fell below 50% 614 | -10/Mines | Discovered new exit (range 9) 615 | -10/Mines | Core integrity fell below 20% 616 | -10/Mines | Destroyed by D-53 Grenadier with Mini Grenade Launcher Last Messages --------------- 00601_ D-53 Grenadier heat spikes uncontrollably. 00601_ D-53 Grenadier overheating. 00602_ D-53 Grenadier heat short circuits Launcher Guidance Computer. 00602_ D-53 Grenadier overheating. 00603_ D-53 Grenadier heat damages Shock Absorption System, Broken Launcher Guidance Computer, Lgt. Deuterium Engine, Imp. Light Armor Plating. 00603_ D-53 Grenadier overheating. 00604_ D-53 Grenadier heat damages Broken Launcher Guidance Computer, Mni. Grenade Launcher, Shock Absorption System. 00604_ D-53 Grenadier overheating. 00606_ D-53 Grenadier heat damages Cmb. Airjet. 00606_ Aluminum Leg destroyed. 00606_ Enh. Flamer destroyed. 00606_ D-53 Grenadier destroyed. 00607_ The unstable cave ceiling collapses. 00608_ Lgt. Ion Engine destroyed. 00613_ The unstable cave ceiling collapses. 00614_ Com. Wheel destroyed. 00614_ EXIT=FOUND Map ----- +----------------------------------------------------+ | | | | | | | | | | | | | | | | | | | | | ?????????????????????????????????????? | | ?????????????????????????????????????? | | ?????????????????????????????????????? | | ?????????????????????????????????????? | | ?????????????????????????????????????? | | ?????????????????????????????????????? | | ??????????##?????????????????????????? | | ?????????## ????????????????????????? | | ?????????? ????????????????????????? | | ??????????# ????????????????????????? | | ??????????# ????????????????????????? | | ???????##?# ????????????????????????? | | ???## ## # ######??????????????????? | | ??## # # ###????????????????? | | ??# #????????????????? | | ??# @ #????????????????? | | ??# # #????????????????? | | ??# < #?# ##???????????????? | | ??# ????# #???????????????? | | ??# ??????## #???????????????? | | ??????????# # #???????????????? | | ??????????# # d #?????#?????????? | | ??????????# #????? ?????????? | | ??????????# ##????? #????????? | | ??????????# # #?????# #????????? | | ??????????## ##??#### #????????? | | ???????????## ##??# #????????? | | ????????????### ##?# ## #???????? | | ??????????????## ### ## #???????? | | ??????????????## ## ## #???????# | | ????????####### ######### | | ???????# | | ???????## | | ????????# ######## #### ## "" | | ?????????????????## ##??# ### "" | | ??????????????????## ##???# #?# "" | | ???????????????????######???? #?## | | ????????????????????????????? ??## | | ????????????????????????????? ???## | | ????????????????????????????? ????# | +----------------------------------------------------+ Best States ------------- Heat Dissipation 25 Energy Generation 10 Energy Capacity 125 Matter Stores 300 Matter Capacity 300 Sight Range 16 Terrain Scan Density 10 Evasion (%) 55 Targeting Accuracy 5 Item Schematics ----------------- None Robot Schematics ------------------ None Fabricated ------------ Nothing Repaired ---------- Nothing Alien Tech Used ----------------- None Achievements -------------- None Challenges ------------ None Game ------ Seed CompactAdvancedSpoofer Manual? 0 Play Time 00:04:58 Cumulative 1018.4 hours Start 2025.05.06 @ 16:54:50 End 2025.05.06 @ 17:00:39 Sessions 1 Manual Loads 0 Difficulty Rogue Special Mode None Game No. 1245 Rogue 963 Adventurer 124 Explorer 158 Win Type - Total 44 Types 31/0/8/3/1/0/0/1/0/0 Lore% 90 Gallery% 85 Achievement% 79 Wizard Run 0 Options --------- Layout 0 ASCII 0 Keyboard 1 Movement Numpad Keybinds 0 Fullscreen 2 Font 18/X11 Map View 76x50 Zoom Use 0% Tactical HUD 1 Map Filters NONE Filters NONE Steam 1 RUN: 1098d5b2-e927-4784-8ee9-35b36e9871d6